 Dungeon Crawl Stone Soup version 0.30-a0-782-ge64f9170bb (webtiles) character file.

Game seed: 16126406204298656132

102 senseless the Sneak (level 4, -6/33 HPs)
             Began as an Octopode Delver on Feb 24, 2023.
             Killed from afar by an orc wizard (7 damage)
             ... with a magic dart
             ... on level 4 of the Dungeon.
             The game lasted 00:06:43 (2703 turns).

senseless the Sneak (Octopode Delver)               Turns: 2703, Time: 00:06:44

Health: -6/33      AC:  1    Str: 11    XL:     4   Next: 77%
Magic:  4/4        EV: 14    Int: 12    God:
Gold:   214        SH:  5    Dex: 15    Spells: 3/3 levels left

rFire   . . .      SeeInvis .    a - +0 falchion
rCold   . . .      Faith    .    (no shield)
rNeg    . . .      Spirit   .    (helmet restricted)
rPois   .          Reflect  +    o - amulet of reflection
rElec   .          Harm     .    q - ring of willpower
rCorr   .          Rampage  .    (no ring)
Will    +....                    (no ring)
Stlth   +++++                    (no ring)
HPRegen 0.25/turn                (no ring)
MPRegen 0.09/turn                (no ring)
                                 (no ring)
                                 (no ring)

@: no status effects
A: almost no armour, amphibious, 8 rings, camouflage 1, gelatinous body 1,
(nimble swimmer 1), tentacles
a: no special abilities


You were on level 4 of the Dungeon.
You visited 1 branch of the dungeon, and saw 5 of its levels.

You collected 214 gold pieces.

Inventory:

Hand Weapons
 a - a +0 falchion (weapon)
 j - a +0 dagger of electrocution
 y - a +3 dagger
Jewellery
 o - an amulet of reflection (around mantle)
 q - a ring of willpower (left tentacle)
Wands
 f - a wand of digging (5)
Scrolls
 b - a scroll of fog
 d - 2 scrolls of fear
 g - a scroll of amnesia {unknown}
 i - a scroll of brand weapon {unknown}
 l - a scroll of noise {unknown}
 m - a scroll of teleportation {unknown}
 n - 3 scrolls of enchant armour {unknown}
 p - a scroll of silence {unknown}
 s - 4 scrolls of identify {unknown}
 u - a scroll of vulnerability {unknown}
 A - a scroll of immolation {unknown}
Potions
 c - a potion of mutation {unknown}
 e - a potion of haste
 h - a potion of brilliance {unknown}
 k - 3 potions of attraction {unknown}
 r - 2 potions of ambrosia {unknown}
 t - a potion of resistance {unknown}
 v - 2 potions of cancellation {unknown}
 w - 2 potions of flight {unknown}
 x - 3 potions of magic {unknown}
 z - a potion of invisibility {unknown}


   Skills:
 + Level 3.7 Fighting
 + Level 2.9 Long Blades
 + Level 2.9 Dodging
 + Level 7.3 Stealth


You had 3 spell levels left.
You didn't know any spells.
Your spell library contained the following spells:

 Spells                   Type           Power      Damage    Failure   Level
 Sandblast                Erth           0%         2d4       32%         1
 Passwall                 Tmut/Erth      0%         N/A       45%         2
 Ignite Poison            Fire/Tmut/Pois 0%         N/A       69%         3
 Kindle Blastsparks       Fire/Tloc/Air  0%         2d10      69%         3
 Stone Arrow              Conj/Erth      0%         3d7       69%         3
 Freezing Cloud           Conj/Ice/Air   0%         6-21      100%        5


Dungeon Overview and Level Annotations

Branches:
Dungeon (5/15)
 Temple: D:4-7

Altars:
Nemelex Xobeh


Innate Abilities, Weirdness & Mutations

You cannot wear most types of armour.
You are amphibious.
You can wear up to eight rings at the same time.
Your skin changes colour to match your surroundings (Stealth+).
Your rubbery body absorbs attacks. (AC +1, EV +1)
((You are camouflaged when in or above water. (Stealth+)))
You have tentacles for arms and can constrict up to eight enemies at once.


Message History

You hit the orc but do no damage. Your grab misses the orc.
You block the orc's attack. The orc closely misses you.
You closely miss the orc. Your grab misses the orc.
You squeeze the orc, but do no damage. The orc closely misses you.
The orc wizard shouts!
You hit the orc but do no damage. Your grab misses the orc.
You hear a shout!
You block the orc's attack.
You hit the orc. You grab the orc. You squeeze the orc.
The orc is almost dead.
You constrict the orc, but do no damage.
The orc misses you.
You hit the orc.
You kill the orc!
Things that are here:
a +0 falchion; a +0 leather armour You closely miss the orc wizard.
The orc wizard shouts!
Your grab misses the orc wizard. You squeeze the orc wizard.
The orc wizard is lightly wounded.
The orc wizard hits you with a +0 dagger.
The orc priest mumbles some strange prayers to Beogh against you.
Beogh smites you!
You hit the orc wizard. You grab the orc wizard.
The orc wizard is moderately wounded.
You constrict the orc wizard, but do no damage.
The orc wizard closely misses you. The orc wizard casts a spell at you.
The magic dart hits you!
The orc priest calls down the wrath of Beogh upon you.
You resist with some effort.
You are too injured to fight recklessly!
You are too injured to fight recklessly!
You release your grip on the orc wizard.
The orc wizard casts a spell at you. The magic dart hits you!
* * * LOW HITPOINT WARNING * * *
The orc wizard points at you and mumbles some strange words.
The magic dart hits you!
You die...

. ....o....... ##..)..#####.##
.. ..o. .....#.##.....# #.....
...#...##....#.##.....###.#.##
....................##......
#... #.o.o#........##..#.##
#...##....#..............##
#.........#.##..#..##).####
#..###....#.##..#..##..# #
#..........@.##..#..##..# #
##.......o.#.##..#..##..####
..........).....)........o..
###.######...##..##.#......K
... #.#.##............. ###
#.#.##.######.##### #.#.##.#
#.# # #.#.##.# #. # ########
## #


You could see an orc priest and 2 orc wizards.

Vanquished Creatures
  2 adders (D:2)
  3 dart slugs
  13 orcs
  2 bats
  3 endoplasms
  A giant cockroach (D:3)
  4 goblins
  7 hobgoblins
  5 quokkas
  7 ball pythons
  6 kobolds
  6 rats
59 creatures vanquished.

Notes
Turn   | Place    | Note
-------+----------+-------------------------------------------
     0 | D:5      | senseless the Octopode Delver began the quest for the Orb.
     0 | D:5      | Reached XP level 1. HP: 16/16 MP: 1/1
   119 | D:4      | Identified the +1 helmet "Zofioffe" {Str+6 Slay+2}
   221 | D:3      | Reached XP level 2. HP: 21/21 MP: 2/2
   633 | D:2      | Reached XP level 3. HP: 18/26 MP: 3/3
   719 | D:1      | Reached skill level 7 in Stealth
  1116 | D:2      | Reached XP level 4. HP: 28/31 MP: 4/4
  2571 | D:4      | Found a sparkling altar of Nemelex Xobeh.
  2703 | D:4      | HP: 1/33 [orc wizard/magic dart (9)]
  2703 | D:4      | Killed from afar by an orc wizard

Illustrated notes

Levels and vault maps discovered:
D:1:      nicolae_arrival_washed_ashore, layout_rooms
D:2:      layout_basic
D:3:      layout_loops_ring
D:4:      layout_basic, nemelex_dance_club_becter
D:5:      layout_basic, serial_shops, nicolae_shop_window_shopping

Skill      XL: |  1  2  3 |
---------------+----------+-----
Stealth        | 7 |  7.3
Fighting       | |  3.7
Long Blades    | |  2.9
Dodging        | |  2.9

Action                     |  1- 3 |  4- 6 || total
---------------------------+-------+-------++-------
  Melee: Falchion          |    55 |    54 ||   109
         Constrict         |    16 |    17 ||    33
         Tentacles         |    11 |    13 ||    24
         Punch             |     1 |       ||     1
    Use: Scroll            |     1 |       ||     1
         Potion            |       |     1 ||     1
   Stab: Sleeping          |    15 |     6 ||    21
         Distracted        |       |     1 ||     1
 Armour: Skin              |     5 |     1 ||     6
  Dodge: Dodged            |    34 |    20 ||    54
  Block: Other             |     2 |    12 ||    14
         Reflection        |     1 |     2 ||     3

Table legend: (Time is in decaauts)
 A = Elapsed time spent in this place.
 B = Non-inter-level travel time spent in this place.
 C = Inter-level travel time spent in this place.
 D = Time resting spent in this place.
 E = Time spent auto-exploring this place.
 F = Levels seen in this place.
 G = Mean time per level.
                   A        B        C        D        E       F      G
               +--------+--------+--------+--------+--------+-----+--------+
         Total |   2707 |   2602 |    105 |    171 |   1863 |   5 |  541.4 |
       Dungeon |   2707 |   2602 |    105 |    171 |   1863 |   5 |  541.4 |
               +--------+--------+--------+--------+--------+-----+--------+

Top non-repeatable levels by time:
     D:3: 1070 daAuts
     D:2: 645 daAuts
     D:4: 533 daAuts
     D:1: 406 daAuts
     D:5: 51 daAuts
